 Dungeon Crawl Stone Soup version 0.19-a0-738-g3c61671 (webtiles) character file.

39 AlphabetPasta the Gusty (level 3, -3/27 HPs)
             Began as a Minotaur Air Elementalist on June 22, 2016.
             Slain by a goblin
             ... wielding a +0 club
             ... led by Robin
              (5 damage)
             ... on level 1 of the Dungeon.
             The game lasted 00:05:46 (1292 turns).

AlphabetPasta the Gusty (Minotaur Air Elementalist) Turns: 1292, Time: 00:05:46

Health: -3/27      AC:  2    Str: 12    XL:     3   Next: 28%
Magic:  2/4        EV: 12    Int: 13    God:
Gold:   55         SH:  0    Dex: 10    Spells: 3 memorised, 0 levels left

rFire  . . .     SeeInvis .     g - +0 club
rCold  . . .     Gourm    .     a - +0 robe
rNeg   . . .     Faith    .     (no shield)
rPois  .         Spirit   .     (helmet restricted)
rElec  .         Dismiss  .     (no cloak)
rCorr  .         Reflect  .     (no gloves)
SustAt .         Harm     .     (no boots)
MR     .....                    (no amulet)
Stlth  +.........               (no ring)
                                (no ring)

@: sluggish, repel missiles, very slow, not resistant to hostile enchantments,
very unstealthy
A: retaliatory headbutt, horns 2
a: no special abilities


You were on level 1 of the Dungeon.
You were not hungry.

You visited 1 branch of the dungeon, and saw 2 of its levels.

You collected 55 gold pieces.

Inventory:

Hand Weapons
 g - a +0 club (weapon)
Armour
 a - a +0 robe (worn)
Jewellery
 i - a cursed ring of teleportation {unknown}
 j - a +5 amulet of reflection {unknown}
Scrolls
 e - 4 scrolls of identify {unknown}
 h - a scroll of recharging {unknown}
 l - a scroll of immolation {unknown}
Potions
 k - a potion of curing {unknown}
 m - 2 potions of invisibility {unknown}
Books
 b - a book of Air

   Spells                             Type                      Level
   a - Shock                          Conjuration/Air              1
   b - Swiftness                      Charms/Air                   2
   c - Repel Missiles                 Charms/Air                   2
   d - Static Discharge               Conjuration/Air              3
   e - Lightning Bolt                 Conjuration/Air              5
Comestibles
 c - 2 bread rations
 d - a beef jerky


   Skills:
 - Level 0.5 Fighting
 + Level 0.2 Maces & Flails
 - Level 2.1 Dodging
 - Level 1.5 Stealth
 + Level 1.7 Spellcasting
 + Level 1.3 Conjurations
 * Level 2.5 Air Magic


You couldn't memorise any spells.
You knew the following spells:

 Your Spells              Type           Power        Failure   Level  Hunger
a - Shock                 Conj/Air       #...         14%         1    ##.....
b - Repel Missiles        Chrm/Air       #.....       24%         2    ###....
c - Swiftness             Chrm/Air       #.......     24%         2    ###....


Dungeon Overview and Level Annotations

Branches:
Dungeon (2/15)

Altars:

Annotations:
D:2 Robin


Innate Abilities, Weirdness & Mutations

You reflexively headbutt those who attack you in melee.
You have a pair of horns on your head.


Message History

There is a stone staircase leading down, spattered with blood here.
You miss the goblin. The goblin hits you with a club.
* * * LOW HITPOINT WARNING * * *
Casting: Swiftness
Confirm with . or Enter, or press ? or * to list all spells.
Aiming: Shock
Press: ? - help, Shift-Dir - straight line The zap misses the goblin.
The zap hits the goblin.
The goblin is heavily wounded.
The zap misses the goblin. x2
You feel sluggish. The goblin hits you with a club.
* * * LOW HITPOINT WARNING * * *
You miss the goblin. You headbutt the goblin.
The goblin is moderately wounded.
The goblin closely misses you.
You closely miss the goblin.
The goblin is moderately wounded.
The goblin hits you with a club.
You die...

######## #####......#
#..........###########
#.###@###............. #.#
#g# #.#####.....## #.#
#g###.## #.###.#
##.###.)....####[# #.#
#####...######.......# #.#
##........#####..###### #.#
##>.#.........##..# #.# #
#.................# #.# #
#..####...##...#..########.##


You could see 2 goblins.

Vanquished Creatures
  An ooze (D:1)
  A dart slug (D:1)
  A giant cockroach (D:1)
  8 goblins
  5 hobgoblins
  A ball python (D:1)
  6 bats (D:1)
  3 giant newts (D:1)
  2 kobolds (D:1)
  2 rats (D:1)
30 creatures vanquished.

Notes
Turn   | Place    | Note
--------------------------------------------------------------
     0 | D:1      | AlphabetPasta the Minotaur Air Elementalist began the quest for the Orb.
     0 | D:1      | Reached XP level 1. HP: 14/14 MP: 1/1
   377 | D:1      | Reached XP level 2. HP: 18/22 MP: 0/3
   384 | D:1      | Learned a level 2 spell: Repel Missiles
   586 | D:1      | Reached skill level 1 in Conjurations
   930 | D:2      | Noticed Robin
   965 | D:2      | Reached XP level 3. HP: 22/27 MP: 1/4
  1279 | D:1      | Learned a level 2 spell: Swiftness
  1292 | D:1      | Slain by a goblin

Vault maps used:
D:1:      dpeg_arrival_rooms_a, minmay_crystal_water
D:2:      st_stairs_4, serial_bayou_pond_a, lemuel_statue_altar, uniq_robin

Skill      XL: |  1  2 |
---------------+-------+-----
Conjurations   | 1 |  1.3
Fighting       | |  0.5
Maces & Flails | |  0.2
Dodging        | |  2.1
Stealth        | |  1.5
Spellcasting   | |  1.7
Air Magic      | |  2.5

Action                   || total
-------------------------++-------
Melee: Club              ||    43
       Headbutt          ||    10
       Unarmed           ||     1
 Cast: Shock             ||    30
       Repel Missiles    ||     1
       Swiftness         ||     1
  Eat: Chunk             ||     2
Armor: Robe              ||    11
Dodge: Dodged            ||    31
